 Dungeon Crawl Stone Soup version 0.21-a0-584-g185da8e (webtiles) character file.

15682 sithsevirus the Slinger (level 12, 0/96 HPs)
             Began as a Demonspawn Berserker on Dec 21, 2017.
             Was a High Priest of Trog.
             Slain by a frost giant
             ... wielding a +1 battleaxe of freezing
              (17 damage)
             ... in an ice cave.
             The game lasted 00:53:07 (12651 turns).

sithsevirus the Slinger (Demonspawn Berserker)     Turns: 12651, Time: 00:53:08

Health: 0/96       AC: 17    Str: 21    XL:     12   Next: 3%
Magic:  12/12      EV: 10    Int:  9    God:    Trog [*****.]
Gold:   775        SH:  5    Dex: 14    Spells: 11/11 levels left

rFire    . . .     SeeInvis .   a - +0 trident
rCold    . . .     Gourm    .   x - +0 buckler
rNeg     + . .     Faith    .   p - +0 plate armour
rPois    .         Spirit   .   E - +0 helmet of Virtue {rN+}
rElec    .         Reflect  .   (no cloak)
rCorr    .         Harm     .   A - +0 pair of gloves
MR       .....                  (boots unavailable)
Stlth    ..........             O - amulet of regeneration
HPRegen  0.66/turn              (no ring)
MPRegen  0.13/turn              (no ring)

@: no status effects
A: talons 3, rugged brown scales 1, demonic guardian 1, nightstalker 1
a: Berserk, Trog's Hand, Brothers in Arms, Burn Spellbooks, Renounce Religion


You were in an ice cave.
You worshipped Trog.
Trog was extremely pleased with you.
You were not hungry.

You visited 1 branch of the dungeon, and saw 12 of its levels.
You also visited: Ice Cave.

You collected 775 gold pieces.

Inventory:

Hand Weapons
 a - a +0 trident (weapon)
 b - the +6 hunting sling of the Puffball {venom, rC+ rN+ SInv}
   (You found it on level 10 of the Dungeon)

   It poisons the ammo it fires.
   It protects you from cold.
   It protects you from negative energy.
   It lets you see invisible.
 t - a +0 blowgun
Missiles
 e - 13 needles of confusion
 g - 240 stones
 k - 32 sling bullets
 l - 19 tomahawks (quivered)
 u - 44 poisoned needles
 D - 13 curare-tipped needles
 K - a throwing net
Armour
 p - a +0 plate armour (worn)
 x - a +0 buckler (worn)
 A - a +0 pair of gloves (worn)
 E - the +0 helmet of Virtue (worn) {rN+}
   (You found it on level 5 of the Dungeon)

   It protects you from negative energy.
 M - a +0 pair of boots
Jewellery
 h - an uncursed amulet of magic regeneration
 j - a +3 amulet of reflection
 O - an amulet of regeneration (around neck)
Wands
 m - a wand of acid (9)
 q - a wand of paralysis (14)
 H - a wand of clouds (5)
 Q - a wand of digging (14)
 U - a wand of flame (32)
 V - a wand of polymorph (8)
Scrolls
 d - 4 scrolls of remove curse
 f - 2 scrolls of immolation {unknown}
 n - 6 scrolls of teleportation {unknown}
 o - 2 scrolls of enchant weapon {unknown}
 s - 2 scrolls of amnesia {unknown}
 v - 8 scrolls of identify {unknown}
 y - a scroll of fear {unknown}
 z - 3 scrolls of fog {unknown}
 B - a scroll of blinking {unknown}
 C - 3 scrolls of noise {unknown}
 L - 2 scrolls of enchant armour {unknown}
 N - 2 scrolls of magic mapping {unknown}
 X - a scroll of torment {unknown}
 Y - 2 scrolls of brand weapon {unknown}
Potions
 i - 5 potions of curing
 w - 3 potions of brilliance
 F - 2 potions of flight {unknown}
 G - 2 potions of might
 I - a potion of mutation {unknown}
 Z - a potion of haste {unknown}
Books
 J - a book of Changes

   Spells                             Type                      Level
   a - Beastly Appendage              Transmutation                1
   b - Sticks to Snakes               Transmutation                2
   c - Spider Form                    Transmutation/Poison         3
   d - Ice Form                       Ice/Transmutation            4
   e - Blade Hands                    Transmutation                5
   Trog disapproves of the use of such an item.
 P - a book of Conjurations

   Spells                             Type                      Level
   a - Magic Dart                     Conjuration                  1
   b - Searing Ray                    Conjuration                  2
   c - Dazzling Spray                 Conjuration/Hexes            3
   d - Fulminant Prism                Conjuration/Hexes            4
   e - Force Lance                    Conjuration/Translocation    4
   f - Iskenderun's Mystic Blast      Conjuration                  4
   Trog disapproves of the use of such an item.
 R - the Reference Book on Dark Magic and Aid
   (You found it in an ice cave)

   Spells                             Type                      Level
   a - Pain                           Necromancy                   1
   b - Song of Slaying                Charms                       2
   c - Shroud of Golubria             Charms/Translocation         2
   d - Vampiric Draining              Necromancy                   3
   e - Death Channel                  Necromancy                   6
   Trog disapproves of the use of such an item.
 T - a book of Necromancy

   Spells                             Type                      Level
   a - Pain                           Necromancy                   1
   b - Animate Skeleton               Necromancy                   1
   c - Vampiric Draining              Necromancy                   3
   d - Regeneration                   Charms/Necromancy            3
   e - Animate Dead                   Necromancy                   4
   f - Control Undead                 Necromancy                   4
   Trog disapproves of the use of such an item.
Miscellaneous
 S - a lamp of fire
Comestibles
 c - 18 rations


   Skills:
 + Level 8.7 Fighting
 + Level 8.7 Polearms
 * Level 9.1 Slings
 + Level 7.6 Armour
 + Level 7.5 Dodging
 - Level 4.0 Shields


You had 11 spell levels left.
You didn't know any spells.

Dungeon Overview and Level Annotations

Branches:
Dungeon (14/15)            Temple (0/1) D:6            Lair (0/6) D:10
    Orc: D:9-12      Vaults: D:13-14

Altars:
Cheibriados
Dithmenos
Makhleb
Qazlal

Shops:
D:4 %   D:10 (


Innate Abilities, Weirdness & Mutations

You have claws for feet.
You are partially covered in rugged brown scales. (AC +1, +3% HP)
A weak demonic guardian rushes to your aid.
You are slightly more attuned to the shadows.


Message History

Firing (i - inventory. (,) - cycle):
k - 32 sling bullets (quivered)
Press: ? - help, Shift-Dir - straight line, f - you Really target yourself?
Okay, then.
You start resting.
Something hits your white imp.
Your white imp dies!
You feel much better.
The frost giant gestures at you while chanting.
The bolt of cold hits you! You resist.
* * * LOW HITPOINT WARNING * * *
The frost giant gestures at you while chanting.
The bolt of cold misses you.
The +6 hunting sling of the Puffball {venom, rC+ rN+ SInv} stops dripping with poison.
a - a +0 trident (weapon)
You hit the frost giant but do no damage.
Your kick misses the frost giant.
The frost giant is almost dead.
The frost giant hits you with a battleaxe of freezing!
You die...

##...###.##
..
##.≈###C# .
##.##.##
#..##.#
##.##.##
##..##.##
#..####.##
#.## ##C#
#.#####@##
#.#.#.#.#
#......##
#..⌠.#.#
##...###
##.## ###


You could see a frost giant.

Vanquished Creatures
  2 two-headed ogres
  A death yak (IceCv)
  An ugly thing (D:11)
  The ghost of SpeedyPerson7 the Cleaver, a novice MiBe of Trog (D:4)
  Maurice (D:9)
  Psyche (D:9)
  An ice statue (IceCv)
  A troll (D:10)
  14 polar bears (IceCv)
  The ghost of barakagiga the Sneak, an amateur NaFE (D:3)
  Sigmund (D:6)
  A wyvern (D:10)
  2 hogs (D:8)
  26 yaks
  A human (D:8)
  An orc warrior (D:7)
  A sky beast (D:7)
  2 phantoms
  2 black bears
  2 ogres
  6 centaurs
  15 wolves
  A bullfrog (D:10)
  A wyvern skeleton (D:11)
  A water moccasin skeleton (D:6)
  3 scorpions (D:11)
  9 killer bees
  5 wights (D:10)
  A howler monkey (D:8)
  4 crimson imps
  2 hounds
  A quasit (D:8)
  2 centaur skeletons
  A jelly (D:10)
  An orc wizard (D:5)
  2 orc priests (D:10)
  6 worker ants
  A howler monkey zombie (D:10)
  A worker ant zombie (D:8)
  6 gnolls
  A howler monkey skeleton (D:6)
  5 adders
  4 shadow imps
  3 oozes
  An adder skeleton (D:9)
  2 dart slugs
  A worm (D:3)
  4 leopard geckos
  27 orcs
  6 bats
  6 giant cockroaches
  7 goblins
  9 hobgoblins
  10 jackals
  4 quokkas
  A ball python (D:1)
  5 frilled lizards
  A giant cockroach zombie (D:2)
  3 kobolds
  A quokka skeleton (D:3)
  7 rats
240 creatures vanquished.

Vanquished Creatures (collateral kills)
  The ghost of Doomer the Cleaver, a novice MiFi of Qazlal (D:7)
  Grinder (D:5)
  2 hogs (D:8)
  Grum (D:10)
  A water moccasin (D:6)
  A phantom (D:5)
  A wolf (D:10)
  A centaur (D:8)
  A crimson imp (D:10)
  An orc priest (D:3)
  A shadow imp (D:7)
  A leopard gecko skeleton (D:6)
13 creatures vanquished.

Vanquished Creatures (others)
  A polar bear (IceCv)
  A yak (IceCv)
2 creatures vanquished.

Grand Total: 255 creatures vanquished

Notes
Turn   | Place    | Note
-------+----------+-------------------------------------------
     0 | D:1      | sithsevirus the Demonspawn Berserker began the quest for the Orb.
     0 | D:1      | Reached XP level 1. HP: 18/18 MP: 1/1
   101 | D:1      | Gained mutation: You have sharp toenails. [demonic ancestry]
   101 | D:1      | Reached XP level 2. HP: 24/24 MP: 2/2
   916 | D:2      | Gained mutation: A weak demonic guardian rushes to your aid. [demonic ancestry]
   916 | D:2      | Reached XP level 3. HP: 29/29 MP: 3/3
  1166 | D:2      | Reached ** piety under Trog
  1456 | D:2      | Found a stormy altar of Qazlal.
  1933 | D:3      | Found a burning altar of Makhleb.
  2220 | D:3      | Gained mutation: You have razor-sharp toenails. [demonic ancestry]
  2220 | D:3      | Reached XP level 4. HP: 31/35 MP: 4/4
  2293 | D:3      | Noticed barakagiga's ghost (amateur NaFE)
  2303 | D:3      | Killed barakagiga's ghost
  2303 | D:3      | Reached skill level 1 in Shields
  2303 | D:3      | Reached XP level 5. HP: 42/42 MP: 5/5
  2508 | D:3      | Reached XP level 6. HP: 48/48 MP: 6/6
  2728 | D:3      | Found a snail-covered altar of Cheibriados.
  3237 | D:4      | Noticed SpeedyPerson7's ghost (novice MiBe)
  3249 | D:4      | Killed SpeedyPerson7's ghost
  3249 | D:4      | Reached skill level 5 in Polearms
  3249 | D:4      | Reached XP level 7. HP: 55/55 MP: 7/7
  3343 | D:4      | Found a shadowy altar of Dithmenos.
  3668 | D:4      | Found Juruaxyo's Food Boutique.
  3877 | D:5      | Entered Level 5 of the Dungeon
  3938 | D:5      | Noticed Grinder
  3945 | D:5      | Paralysed by Grinder for 3 turns
  3951 | D:5      | Killed Grinder
  3951 | D:5      | Reached *** piety under Trog
  4215 | D:5      | Got a smoking helmet
  4221 | D:5      | Identified the cursed +0 helmet of Virtue {rN+} (You found it on level 5 of the Dungeon)
  4451 | D:5      | Reached XP level 8. HP: 61/61 MP: 8/8
  5413 | D:6      | Reached skill level 5 in Fighting
  5626 | D:6      | Found a staircase to the Ecumenical Temple.
  5691 | D:6      | Reached skill level 1 in Slings
  5692 | D:6      | Noticed Sigmund
  5701 | D:6      | Killed Sigmund
  5859 | D:6      | Reached skill level 2 in Slings
  6321 | D:7      | Found a snail-covered altar of Cheibriados.
  6914 | D:7      | Noticed Doomer's ghost (novice MiFi)
  6943 | D:7      | Killed Doomer's ghost
  6943 | D:7      | Reached skill level 3 in Slings
  6943 | D:7      | Gained mutation: You are partially covered in rugged brown scales. (AC +1, +3% HP) [demonic ancestry]
  6943 | D:7      | Reached XP level 9. HP: 26/71 MP: 9/9
  6984 | D:7      | Reached **** piety under Trog
  7882 | D:8      | Reached skill level 4 in Slings
  7882 | D:8      | Reached skill level 5 in Armour
  7882 | D:8      | Reached skill level 5 in Dodging
  8493 | D:9      | Noticed Maurice
  8509 | D:9      | Killed Maurice
  8509 | D:9      | Reached skill level 5 in Slings
  8949 | D:9      | Noticed Psyche
  9197 | D:9      | Noticed a two-headed ogre
  9212 | D:9      | Killed a two-headed ogre
  9212 | D:9      | Gained mutation: You are slightly more attuned to the shadows. [demonic ancestry]
  9212 | D:9      | Reached XP level 10. HP: 79/79 MP: 10/10
  9354 | D:9      | Killed Psyche
  9354 | D:9      | Received a gift from Trog
  9619 | D:10     | Entered Level 10 of the Dungeon
  9623 | D:10     | Noticed a two-headed ogre
  9656 | D:10     | Killed a two-headed ogre
  9656 | D:10     | Reached skill level 6 in Slings
 10029 | D:10     | Found a staircase to the Lair.
 10369 | D:10     | Found Guaduv's Weapon Shoppe.
 10397 | D:10     | Noticed Grum
 10413 | D:10     | Killed Grum
 10453 | D:10     | Received a gift from Trog
 10573 | D:10     | Got a crystal hunting sling
 10574 | D:10     | Identified the +6 hunting sling of the Puffball {venom, rC+ rN+ SInv} (You found it on level 10 of the Dungeon)
 10918 | D:11     | Reached skill level 7 in Slings
 11116 | D:11     | Noticed a red ugly thing
 11127 | D:11     | Killed a red ugly thing
 11127 | D:11     | Gained mutation: You have claws for feet. [demonic ancestry]
 11127 | D:11     | Reached XP level 11. HP: 86/86 MP: 11/11
 11505 | D:11     | You fall through a shaft for 3 floors!
 11505 | D:14     | Found a frozen archway.
 11510 | IceCv    | Entered an ice cave
 11648 | IceCv    | Reached ***** piety under Trog
 11914 | IceCv    | Identified the Reference Book on Dark Magic and Aid
 11966 | IceCv    | Reached skill level 8 in Slings
 11973 | IceCv    | Received a gift from Trog
 12322 | IceCv    | Noticed a death yak
 12347 | IceCv    | Killed a death yak
 12362 | IceCv    | Received a gift from Trog
 12462 | IceCv    | Reached skill level 9 in Slings
 12560 | IceCv    | Reached XP level 12. HP: 96/96 MP: 12/12
 12617 | IceCv    | Noticed a frost giant
 12640 | IceCv    | HP: 4/96 [frost giant/bolt of cold (26)]
 12651 | IceCv    | Slain by a frost giant

Vault maps used:
D:1:      lemuel_arrival_behind_the_door_small, minmay_bisected
D:2:      nicolae_qazlal_general_emergency
D:3:      old_standard_altar, first_ration, cheibriados_altar_1
D:4:      serial_shops, shop, nicolae_dithmenos_through_a_glass_darkly
D:5:      uniq_grinder
D:6:      minmay_temple_entry_trees, uniq_sigmund
D:7:      basic_altar
D:8:      grunt_livestock, minmay_misc_feat_columns
D:9:      uniq_psyche, uniq_maurice
D:10:     lair_entry_dummy, serial_shops, nicolae_shop_statue_plus, uniq_grum
D:11:     minmay_item_behind_shaft, uniq_nergalle
D:14:     david_vaults_4, portal_ice_cave_entry_pillars_1, serial_bayou_pond_d,
          minmay_hollow_rounded_squares, uniq_roxanne, uniq_snorg
IceCv:    ice_cave_caverns_02

Skill      XL: |  1  2  3  4  5  6  7  8  9 10 11 |
---------------+----------------------------------+-----
Dodging        | 2 3 4 5 6 7 |  7.5
Polearms       | 3 4 5 6 7 8 |  8.7
Armour         | 2 3 4 5 6 7 |  7.6
Shields        | 1 2 3 4 |  4.0
Fighting       | 4 5 6 7 8 |  8.7
Slings         | 3 5 7 9 |  9.1

Action                   |  1- 3 |  4- 6 |  7- 9 | 10-12 || total
-------------------------+-------+-------+-------+-------++-------
Melee: Spear             |   145 |    79 |       |       ||   224
       Kick              |    26 |    15 |    32 |       ||    73
       Trident           |       |       |   355 |   174 ||   529
 Fire: Blowgun           |     3 |       |       |       ||     3
       Hunting sling     |       |       |    97 |   447 ||   544
Throw: Tomahawk          |    10 |       |     5 |       ||    15
Invok: Berserk           |       |     2 |     4 |     4 ||    10
  Use: Potion            |       |       |       |     4 ||     4
       Scroll            |       |       |       |     1 ||     1
 Stab: Sleeping          |     1 |       |       |       ||     1
       Distracted        |       |     1 |       |     2 ||     3
  Eat: Chunk             |     1 |     4 |     9 |     8 ||    22
       Ration            |     1 |       |     4 |     2 ||     7
Armor: Animal skin       |    17 |       |       |       ||    17
       Chain mail        |     3 |     7 |       |       ||    10
       Plate armour      |       |    17 |   159 |   232 ||   408
Dodge: Dodged            |    60 |     8 |   108 |   157 ||   333
Block: Buckler           |     1 |     3 |    70 |    93 ||   167
       Reflection        |       |       |     3 |       ||     3

Table legend:
 A = Spawn XP
 B = Non-spawn XP
 C = Spawn XP percentage of total XP
 D = Spawn monster count
 E = Non-spawn monster count
 F = Spawn count percentage of total count
 G = Total turns spent on level
                    A         B        C        D         E        F      G
               +---------+---------+-------+---------+---------+-------+---------
         Total |       0 |   22403 |   0.0 |       0 |     253 |   0.0 | 12651
               +---------+---------+-------+---------+---------+-------+---------
           D:1 |       0 |      40 |   0.0 |       0 |      20 |   0.0 |   906
           D:2 |       0 |      21 |   0.0 |       0 |      14 |   0.0 |   820
           D:3 |       0 |     339 |   0.0 |       0 |      29 |   0.0 |  1267
           D:4 |       0 |     498 |   0.0 |       0 |       9 |   0.0 |   917
           D:5 |       0 |     691 |   0.0 |       0 |      29 |   0.0 |  1403
           D:6 |       0 |     702 |   0.0 |       0 |      10 |   0.0 |   868
           D:7 |       0 |    1239 |   0.0 |       0 |      21 |   0.0 |  1332
           D:8 |       0 |    1153 |   0.0 |       0 |      12 |   0.0 |   749
           D:9 |       0 |    1756 |   0.0 |       0 |       7 |   0.0 |  1357
          D:10 |       0 |    2564 |   0.0 |       0 |      28 |   0.0 |  1194
          D:11 |       0 |    3207 |   0.0 |       0 |      25 |   0.0 |   692
         IceCv |       0 |   10193 |   0.0 |       0 |      49 |   0.0 |  1141
               +---------+---------+-------+---------+---------+-------+---------
